 Dungeon Crawl Stone Soup version 0.20.1-1-g8b1a95d66d (webtiles) character file.

2585 Ivernyr the Quickloader (level 9, -4/75 HPs)
             Began as a Deep Dwarf Hunter on Nov 18, 2017.
             Was a Follower of Elyvilon.
             Slain by a komodo dragon (11 damage)
             ... on level 8 of the Dungeon.
             The game lasted 00:31:28 (7011 turns).

Ivernyr the Quickloader (Deep Dwarf Hunter)         Turns: 7011, Time: 00:31:29

Health: -4/75      AC: 15    Str: 18    XL:     9   Next: 32%
Magic:  5/5        EV:  8    Int: 13    God:    Elyvilon [*.....]
Gold:   539        SH:  0    Dex: 16    Spells: 8/8 levels left

rFire    . . .     SeeInvis .   a - +1 hand crossbow
rCold    . . .     Gourm    .   (no shield)
rNeg     + . .     Faith    +   g - +0 chain mail
rPois    .         Spirit   .   (no helmet)
rElec    .         Reflect  .   (no cloak)
rCorr    .         Harm     .   C - +2 pair of gloves {Dex+3}
MR       +....     Rnd*Tele +   N - +0 pair of boots
Stlth    ..........             x - amulet of faith
Regen    0.0/turn               L - ring of teleportation (curse)
MPRegen  0.1/turn               O - ring of positive energy

@: non-regenerating
A: damage resistance, heal wounds, sense surroundings 2, no regeneration
a: Heal Wounds, Lesser Healing, Divine Protection, Renounce Religion


You were on level 8 of the Dungeon.
You worshipped Elyvilon.
Elyvilon was aware of your devotion.
You were not hungry.

You visited 2 branches of the dungeon, and saw 9 of its levels.
You also visited: Sewer.

You collected 539 gold pieces.

Inventory:

Hand Weapons
 a - a +1 hand crossbow (weapon)
 b - a +0 battleaxe
Missiles
 d - 42 bolts (quivered)
Armour
 g - a +0 chain mail (worn)
 C - a +2 pair of gloves of dexterity (worn)
 N - a +0 pair of boots (worn)
Jewellery
 n - an uncursed ring of wizardry
 v - an uncursed ring of protection from magic
 x - an amulet of faith (around neck)
 F - an uncursed ring of see invisible
 G - an uncursed ring of protection from fire
 L - a cursed ring of teleportation (left hand)
 O - a ring of positive energy (right hand)
Wands
 y - a wand of confusion (15/48)
 S - a wand of lightning (12/15)
Scrolls
 c - 4 scrolls of fog {unknown}
 e - 2 scrolls of magic mapping {unknown}
 i - 2 scrolls of blinking {unknown}
 j - 2 scrolls of enchant armour {unknown}
 k - 3 scrolls of enchant weapon {unknown}
 l - a scroll of random uselessness {unknown}
 p - 6 scrolls of identify {unknown}
 q - a scroll of fear {unknown}
 s - 6 scrolls of teleportation {unknown}
 E - 3 scrolls of noise {unknown}
 H - 2 scrolls of remove curse {unknown}
 J - a scroll of torment {unknown}
 K - a scroll of brand weapon {unknown}
 P - a scroll of immolation {unknown}
 Q - 2 scrolls of amnesia {unknown}
Potions
 o - a potion of flight {unknown}
 r - 3 potions of brilliance {unknown}
 t - 3 potions of haste {unknown}
 u - 2 potions of degeneration {unknown}
 z - a potion of ambrosia {unknown}
 A - 3 potions of agility {unknown}
 B - 7 potions of heal wounds {unknown}
 D - 2 potions of might {unknown}
 I - 4 potions of curing {unknown}
 M - a potion of lignification {unknown}
Comestibles
 f - 8 bread rations
 h - a royal jelly
 m - 6 meat rations
 w - 2 fruits


   Skills:
 - Level 3.1 Fighting
 + Level 5.8 Axes
 * Level 10.7 Crossbows
 + Level 6.8 Armour
 - Level 2.1 Dodging
 - Level 1.2 Stealth


You had 8 spell levels left.
You didn't know any spells.

Dungeon Overview and Level Annotations

Branches:
Dungeon (8/15)             Temple (1/1) D:5            Lair (0/6) D:8

Altars:
Ashenzari
Cheibriados
Dithmenos
Elyvilon
Fedhas
Gozag
Hepliaklqana
Kikubaaqudgha
Makhleb
Nemelex Xobeh
Okawaru
Qazlal
Ru
Sif Muna
Trog
Uskayaw
Xom
Yredelemnul
Zin
The Shining One

Annotations:
D:6 1 exclusion


Innate Abilities, Weirdness & Mutations

You are resistant to damage.
You can heal yourself by infusing magical energy.
You passively map the area around you.
You do not regenerate.


Message History

Press: ? - help, Shift-Dir - straight line, f/p - komodo dragon
Aim: a komodo dragon (severely wounded)
You shoot a bolt.
The bolt hits the komodo dragon but does no damage.
The komodo dragon is severely wounded.
The komodo dragon bites you but does no damage.
Firing (i - inventory):
d - 44 bolts (quivered)
Press: ? - help, Shift-Dir - straight line, f/p - komodo dragon
Aim: a komodo dragon (severely wounded)
You shoot a bolt.
The bolt barely misses the komodo dragon.
The komodo dragon bites you!!
* * * LOW HITPOINT WARNING * * *
Firing (i - inventory):
d - 43 bolts (quivered)
Press: ? - help, Shift-Dir - straight line, f/p - komodo dragon
Aim: a komodo dragon (severely wounded)
You shoot a bolt.
The bolt completely misses the komodo dragon.
The komodo dragon bites you!
You die...

#.....#.......##.##.#
#.....#.......##.##.# ,
#.....#.............#
########.#######.......#
#........# #......#####
#...≈....# #...l..'....
#..≈.....# #......##...
#..≈.....#######(.....##...
#........'@l((('.(....##...
#.....≈..#######......###'#
#........# #......# #.#
#........# #......# #.#
#..≈.....# #...... #.#
#.≈≈.≈...#### *** ## #.#
#.≈..≈......# #########.#
#.≈.........# #.......#..
#...........#####.......###


You could see a komodo dragon.

Vanquished Creatures
  A hippogriff (D:5)
  Sigmund (D:6)
  A wyvern (D:8)
  Edmund (D:5)
  2 orc warriors (D:6)
  3 ogres
  A phantom (D:4)
  2 centaurs
  Blork the orc (D:6)
  4 big kobolds (Sewer)
  2 scorpions
  A water moccasin skeleton (D:4)
  2 crimson imps (D:6)
  5 hounds
  A bullfrog skeleton (D:4)
  A centaur skeleton (D:4)
  3 iguanas
  3 orc wizards (D:6)
  A worker ant (D:5)
  A hound skeleton (D:5)
  A gnoll (D:1)
  A howler monkey skeleton (D:4)
  17 adders
  2 shadow imps
  An ooze (Sewer)
  3 adder skeletons
  An adder zombie (D:6)
  2 worms
  4 dart slugs
  4 leopard geckos
  13 orcs
  12 giant cockroaches
  3 hobgoblins (D:1)
  4 jackals
  20 kobolds
  2 quokkas
  2 ball pythons
  9 bats
  10 frilled lizards
  8 goblins
  12 rats
168 creatures vanquished.

Vanquished Creatures (others)
  7 plants (D:8)
7 creatures vanquished.

Grand Total: 175 creatures vanquished

Notes
Turn   | Place    | Note
-------+----------+-------------------------------------------
     0 | D:1      | Ivernyr the Deep Dwarf Hunter began the quest for the Orb.
     0 | D:1      | Reached XP level 1. HP: 19/19 MP: 1/1
   150 | D:1      | Reached XP level 2. HP: 13/26 MP: 2/2
   345 | D:1      | Reached skill level 5 in Crossbows
   367 | D:1      | Reached XP level 3. HP: 13/32 MP: 3/3
  1139 | D:2      | Reached skill level 1 in Armour
  1151 | D:2      | Found an ancient bone altar of Kikubaaqudgha.
  1245 | D:2      | Reached XP level 4. HP: 15/40 MP: 4/4
  1640 | D:2      | Found a basalt altar of Yredelemnul.
  2695 | D:3      | Reached XP level 5. HP: 33/48 MP: 5/5
  2741 | D:3      | Reached skill level 6 in Crossbows
  2811 | D:4      | Found a snail-covered altar of Cheibriados.
  2817 | D:4      | Noticed a phantom
  2827 | D:4      | Killed a phantom
  2860 | D:4      | Reached XP level 6. HP: 18/56 MP: 6/6
  2901 | D:4      | Got a twisted robe
  2912 | D:4      | Identified the +1 robe "Juisowk" {rPois} (You found it on level 4 of the Dungeon)
  3099 | D:4      | Found a burning altar of Makhleb.
  3117 | D:4      | Reached skill level 1 in Axes
  3336 | D:4      | Reached skill level 7 in Crossbows
  3575 | D:5      | Entered Level 5 of the Dungeon
  3650 | D:5      | Reached XP level 7. HP: 31/62 MP: 5/5
  3843 | D:5      | Found a staircase to the Ecumenical Temple.
  3998 | D:5      | Noticed Edmund
  4018 | D:5      | Killed Edmund
  4069 | D:5      | Noticed a hippogriff
  4085 | D:5      | Killed a hippogriff
  4085 | D:5      | Reached skill level 8 in Crossbows
  4276 | D:5      | Reached XP level 8. HP: 46/69 MP: 5/5
  4618 | D:6      | Reached skill level 5 in Armour
  4730 | D:6      | Reached skill level 9 in Crossbows
  4775 | D:6      | Noticed Blork the orc
  4778 | D:6      | Killed Blork the orc
  5003 | D:6      | Found a glowing drain.
  5014 | Sewer    | Entered a sewer
  5335 | D:6      | Reached skill level 5 in Axes
  5351 | D:6      | Noticed Sigmund
  5368 | D:6      | HP: 2/69 [orc warrior/battleaxe (22)]
  5386 | D:6      | Reached skill level 10 in Crossbows
  5435 | D:6      | Gained mutation: You passively map the area around you. [Deep Dwarf growth]
  5435 | D:6      | Reached XP level 9. HP: 28/75 MP: 5/5
  5444 | D:6      | Killed Sigmund
  6515 | Temple   | Entered the Ecumenical Temple
  6547 | Temple   | Became a worshipper of Elyvilon the Healer
  6844 | D:8      | Found a staircase to the Lair.
  6845 | D:8      | Noticed a komodo dragon
  6891 | D:8      | Reached * piety under Elyvilon
  7011 | D:8      | Slain by a komodo dragon

Skill      XL: |  1  2  3  4  5  6  7  8 |
---------------+-------------------------+-----
Fighting       | 2 3 |  3.1
Crossbows      | 5 6 7 8 10 | 10.7
Armour         | 1 2 3 4 6 |  6.8
Axes           | 1 3 5 |  5.8
Dodging        | |  2.1
Stealth        | |  1.2

Action                   |  1- 3 |  4- 6 |  7- 9 || total
-------------------------+-------+-------+-------++-------
Melee: Short sword       |   154 |    67 |       ||   221
       Hand axe          |       |   202 |   223 ||   425
       Battleaxe         |       |       |   109 ||   109
 Fire: Hand crossbow     |     7 |    32 |   139 ||   178
 Abil: Heal Wounds       |       |     3 |    15 ||    18
  Eat: Chunk             |     1 |     8 |    12 ||    21
Armor: Chain mail        |    94 |   232 |   277 ||   603
Dodge: Dodged            |    53 |   122 |   178 ||   353
